 Dungeon Crawl Stone Soup version 0.31.0-1-g2c135a0 (webtiles) character file.

Game seed: 9656704419993916384

4 jagoly the Conjurer (level 1, -1/11 HPs)
             Began as an Octopode Conjurer on Jan 24, 2024.
             Slain by a quokka (4 damage)
             ... on level 1 of the Dungeon.
             The game lasted 00:01:09 (149 turns).

jagoly the Conjurer (Octopode Conjurer)              Turns: 149, Time: 00:01:10

Health: -1/11      AC:  1    Str:  6    XL:     1   Next: 60%
Magic:  2/3        EV: 13    Int: 20    God:
Gold:   0          SH:  0    Dex: 10    Spells: 3/4 levels left

rFire   . . .        b - +0 dagger
rCold   . . .        (no shield)
rNeg    . . .        (helmet restricted)
rPois   .            (no amulet)
rElec   .            (no ring)
rCorr   .            (no ring)
SInv    .            (no ring)
Will    .....        (no ring)
Stlth   +++          (no ring)
HPRegen 0.21/turn    (no ring)
MPRegen 0.08/turn    (no ring)
                     (no ring)

%: no passive effects
@: no status effects
A: almost no armour, amphibious, 8 rings, camouflage 1, gelatinous body 1,
(nimble swimmer 1), tentacles
a: no special abilities


You were on level 1 of the Dungeon.
You visited 1 branch of the dungeon, and saw 1 of its levels.

Inventory:

Hand Weapons
 b - a +0 dagger (weapon)
 c - a +0 rapier
Potions
 a - 2 potions of magic


   Skills:
 + Level 0.3 Fighting
 - Level 2.0 Dodging
 + Level 2.8 Stealth
 - Level 2.0 Spellcasting
 * Level 4.1 Conjurations


You had 3 spell levels left.
You knew the following spells:

 Your Spells              Type           Power      Damage    Failure   Level
a - Magic Dart            Conj           72%        1d6       3%          1

Your spell library contained the following spells:

 Spells                   Type           Power      Damage    Failure   Level
 Searing Ray              Conj           36%        2d5       4%          2
 Fulminant Prism          Conj/Alch      5%         3d7       56%         4
 Iskenderun's Mystic Bla  Conj/Tloc      10%        2d4       56%         4


Dungeon Overview and Level Annotations

Branches:
Dungeon (1/15) Zot: 5850

Altars:


Innate Abilities, Weirdness & Mutations

You cannot wear most types of armour.
You are amphibious.
You can wear up to eight rings at the same time.
Your skin changes colour to match your surroundings (Stealth+).
Your rubbery body absorbs attacks. (AC +1, EV +1)
((You are camouflaged when in or above water. (Stealth+)))
You have tentacles for arms and can constrict up to eight enemies at once.


Message History

Welcome, jagoly the Octopode Conjurer.
It's a long way down to the Orb of Zot, but that shouldn't be any trouble.
Press ? for a list of commands and other information.
Found a staircase leading out of the dungeon.
You open the door.
There is an open door here.
Unknown command.
Unknown command.
Found a robe.
Found a stone staircase leading down.
Found a dagger.
There is a stone staircase leading down here.
Unknown command.
Found a mace.
A rat comes into view.
You see here a +0 dagger.
A rat is nearby!
b - a +0 dagger (weapon)
The rat squeaks loudly.
A rat is nearby!
A bat comes into view.
The bat moves out of view.
You barely miss the rat. You grab the rat.
You constrict the rat, but do no damage.
The rat barely misses you.
You hit the rat.
You kill the rat!
You hit the bat. You grab the bat. You squeeze the bat.
You kill the bat!
You see here a +0 mace.
Found a rapier.
You see here a +0 rapier.
c - a +0 rapier
Okay, then.
As you open the door, it creaks loudly!
A giant cockroach comes into view.
There is an open door here.
A rat comes into view.
Found a club.
The giant cockroach bites you.
The rat squeaks loudly.
You hit the giant cockroach. Your grab misses the giant cockroach.
The giant cockroach is almost dead.
The rat twitches its whiskers.
The giant cockroach barely misses you.
You barely miss the giant cockroach. You grab the giant cockroach.
The giant cockroach is almost dead.
You constrict the giant cockroach.
You kill the giant cockroach!
You hit the rat but do no damage. You grab the rat.
Your squeeze misses the rat. You constrict the rat. The rat misses you.
You hit the rat.
You kill the rat!
No target in view!
Found a dagger.
Found a potion of magic.
a - 2 potions of magic (gained 1)
A quokka comes into view.
A quokka is nearby!
A quokka is nearby!
You miss the quokka. Your grab misses the quokka.
Your squeeze misses the quokka. The quokka bites you.
You hit the quokka. Your grab misses the quokka.
Your squeeze misses the quokka.
The quokka is moderately wounded.
The quokka completely misses you. The quokka bites you.
* * * LOW HITPOINT WARNING * * *
Cast which spell? (? or * to list)
Aiming: Magic Dart (safe; 3% risk of failure)
Press: ? - help, Shift-Dir - straight line, f - quokka
Aim: a quokka (moderately wounded, 100% to hit)
The magic dart hits the quokka.
The quokka is almost dead.
The quokka bites you.
You die...

### #######.#
#..r@...#
#.#####.# #. #.#
### #.#####.#
.....# #.##....#
.......##.##....#
................#
..........##.##.##
......###....#....


You could see a quokka.

Vanquished Creatures
  A bat (D:1)
  A giant cockroach (D:1)
  2 rats (D:1)
4 creatures vanquished.

Notes
Turn   | Place    | Note
-------+----------+-------------------------------------------
     0 | D:1      | jagoly the Octopode Conjurer began the quest for the Orb.
     0 | D:1      | Reached XP level 1. HP: 11/11 MP: 3/3
   149 | D:1      | Slain by a quokka

Illustrated notes

Levels and vault maps discovered:
D:1:      shiori_shiawase, layout_basic,
          hellmonk_ecumenical_altar_leap_of_faith, serial_bayou_lagoon_a

Action                     || total
---------------------------++-------
  Melee: Dagger            ||     9
         Constrict         ||     4
         Tentacles         ||     1
   Cast: Magic Dart        ||     1
 Armour: Skin              ||     4
  Dodge: Dodged            ||     4
